General information
- name: BNet
- type: Ladder team game (AT/RT)
- host: Battle.net
- saver: dogsandhorse.ru
map: GoldRush
- players: 8
- length: 67:32
- speed: Fast
- version: 1.26 W3XP
- replay type:

» download(694 KB)
Players
team 1 (loser)
AJIkaIIIb. (
pink | 69 APM | 4627 actions | 67:31)
8 Blademaster
3 Wind Walk
3 Critical Strike
1 Bladestorm
1 Mirror Image
3 Shadow Hunter
2 Healing Wave
1 Hex
» actions
| Assign group hotkey | 12 | |
| Basic commands | 62 | |
| Build / train | 146 | |
| Enter build submenu | 28 | |
| Enter hero's abilities submenu | 11 | |
| Give item / drop item | 13 | |
| Remove unit from queue | 4 | |
| Right click | 2765 | |
| Select / deselect | 838 | |
| Select group hotkey | 482 | |
| Use ability | 266 | |
4627 total
» units
| Peon | 65 | |
| Troll Batrider | 35 | |
| Kodo Beast | -1 | |
99 total
» upgrades
| Spiked Barricades | 1 | |
| Liquid Fire | 1 | |
2 total
» buildings
| Orc Burrow | 6 | |
| Altar of Storms | 1 | |
| Great Hall | 6 | |
| War Mill | 1 | |
| Voodoo Lounge | 1 | |
| Watch Tower | 4 | |
| Stronghold | 1 | |
| Beastiary | 3 | |
| Fortress | 1 | |
24 total
» build order
01:05 Orc Burrow
01:48 Altar of Storms
04:08 Orc Burrow
06:08 Great Hall
07:00 War Mill
09:19 Voodoo Lounge
10:57 Watch Tower
11:01 Watch Tower
15:31 Great Hall
17:57 Watch Tower
18:01 Watch Tower
18:14 Great Hall
20:14 Stronghold
21:04 Orc Burrow
22:36 Beastiary
22:37 Beastiary
22:40 Fortress
23:29 Beastiary
26:26 Great Hall
27:23 Orc Burrow
27:25 Orc Burrow
27:53 Orc Burrow
47:03 Great Hall
54:32 Great Hall
» items
| Dust of Appearance | 3 | |
| Boots of Speed | 2 | |
| Orb of Corruption | 1 | |
| Lesser Clarity Potion | 13 | |
| Healing Salve | 4 | |
| Potion of Healing | 1 | |
| Staff of Teleportation | 1 | |
| Orb of Lightning | 1 | |
| Potion of Lesser Invulnerability | 1 | |
27 total
BEST]AVES (
teal | 137 APM | 9242 actions | 67:19)
6 Death Knight
3 Death Coil
3 Unholy Aura
9 Lich
3 Frost Nova
3 Frost Armor
1 Death and Decay
2 Dark Ritual
» actions
| Assign group hotkey | 83 | |
| Basic commands | 104 | |
| Build / train | 155 | |
| ESC pressed | 9 | |
| Enter build submenu | 34 | |
| Enter hero's abilities submenu | 15 | |
| Give item / drop item | 7 | |
| Right click | 3160 | |
| Select / deselect | 1059 | |
| Select group hotkey | 4304 | |
| Use ability | 312 | |
9242 total
» units
| Acolyte | 15 | |
| Ghoul | 4 | |
| Crypt Fiend | 20 | |
| Obsidian Statue | 4 | |
| Frost Wyrm | 16 | |
| Ogre Mauler | 4 | |
63 total
» upgrades
| Destroyer Form | 1 | |
| Creature Attack | 3 | |
| Web | 1 | |
| Burrow | 1 | |
| Creature Carapace | 3 | |
| Freezing Breath | 1 | |
10 total
» buildings
| Crypt | 1 | |
| Graveyard | 1 | |
| Ziggurat | 13 | |
| Altar of Darkness | 3 | |
| Halls of the Dead | 3 | |
| Tomb of Relics | 1 | |
| Nerubian Tower | 3 | |
| Black Citadel | 3 | |
| Slaughterhouse | 2 | |
| Sacrificial Pit | 1 | |
| Boneyard | 2 | |
| Necropolis | 2 | |
35 total
» build order
00:10 Crypt
00:11 Graveyard
00:19 Ziggurat
00:20 Altar of Darkness
00:55 Halls of the Dead
00:55 Halls of the Dead
01:29 Tomb of Relics
02:12 Ziggurat
02:19 Ziggurat
03:10 Nerubian Tower
03:10 Nerubian Tower
03:10 Nerubian Tower
03:39 Black Citadel
03:40 Black Citadel
03:46 Slaughterhouse
04:30 Slaughterhouse
04:32 Ziggurat
05:05 Ziggurat
05:14 Ziggurat
10:29 Ziggurat
10:36 Sacrificial Pit
11:58 Boneyard
12:08 Boneyard
14:15 Ziggurat
14:16 Ziggurat
25:17 Necropolis
44:57 Ziggurat
45:00 Altar of Darkness
46:14 Ziggurat
46:53 Ziggurat
46:54 Ziggurat
58:45 Altar of Darkness
60:09 Necropolis
» items
| Rod of Necromancy | 1 | |
| Dust of Appearance | 3 | |
| Orb of Corruption | 2 | |
| Scroll of Town Portal | 4 | |
| Potion of Healing | 4 | |
| Scroll of Healing | 2 | |
| Scroll of Speed | 1 | |
| Scroll of Protection | 1 | |
| Potion of Lesser Invulnerability | 3 | |
21 total
Bull-Dozer (
green | 106 APM | 7120 actions | 67:28)
5 Death Knight
3 Death Coil
2 Unholy Aura
7 Lich
3 Frost Nova
2 Frost Armor
1 Death and Decay
1 Dark Ritual
2 Shadow Hunter
1 Hex
1 Healing Wave
» actions
| Assign group hotkey | 96 | |
| Basic commands | 271 | |
| Build / train | 95 | |
| ESC pressed | 2 | |
| Enter build submenu | 31 | |
| Enter hero's abilities submenu | 14 | |
| Give item / drop item | 10 | |
| Right click | 3537 | |
| Select / deselect | 735 | |
| Select group hotkey | 2153 | |
| Use ability | 175 | |
7120 total
» units
| Acolyte | 9 | |
| Ghoul | 3 | |
| Crypt Fiend | 20 | |
| Abomination | 6 | |
| Obsidian Statue | 1 | |
39 total
» upgrades
| Disease Cloud | 1 | |
| Creature Attack | 4 | |
| Unholy Strength | 3 | |
| Unholy Armor | 3 | |
| Web | 1 | |
| Creature Carapace | 3 | |
15 total
» buildings
| Crypt | 1 | |
| Graveyard | 1 | |
| Altar of Darkness | 1 | |
| Ziggurat | 9 | |
| Tomb of Relics | 2 | |
| Halls of the Dead | 3 | |
| Nerubian Tower | 1 | |
| Black Citadel | 2 | |
| Slaughterhouse | 3 | |
| Necropolis | 2 | |
25 total
» build order
00:05 Crypt
00:13 Graveyard
00:16 Altar of Darkness
00:18 Ziggurat
00:39 Tomb of Relics
00:53 Halls of the Dead
00:53 Halls of the Dead
00:54 Halls of the Dead
01:28 Tomb of Relics
01:46 Ziggurat
03:36 Nerubian Tower
04:17 Ziggurat
04:35 Black Citadel
04:35 Black Citadel
04:38 Ziggurat
05:10 Slaughterhouse
05:11 Slaughterhouse
05:26 Slaughterhouse
07:58 Ziggurat
08:01 Ziggurat
09:08 Ziggurat
09:10 Ziggurat
10:36 Ziggurat
20:28 Necropolis
20:33 Necropolis
» items
| Orb of Corruption | 1 | |
| Scroll of Healing | 1 | |
| Boots of Speed | 1 | |
| Scroll of Town Portal | 3 | |
| Potion of Lesser Invulnerability | 1 | |
| Dust of Appearance | 2 | |
| Staff of Teleportation | 1 | |
| Lesser Clarity Potion | 3 | |
| Potion of Mana | 3 | |
| Healing Salve | 1 | |
| Potion of Healing | 1 | |
18 total
XyMuK (
orange | 72 APM | 4836 actions | 67:28)
6 Warden
3 Shadow Strike
2 Blink
1 Spirit of Vengeance
» actions
| Assign group hotkey | 1 | |
| Basic commands | 18 | |
| Build / train | 103 | |
| ESC pressed | 6 | |
| Enter build submenu | 34 | |
| Enter hero's abilities submenu | 7 | |
| Give item / drop item | 6 | |
| Remove unit from queue | 6 | |
| Right click | 3264 | |
| Select / deselect | 1165 | |
| Select group hotkey | 3 | |
| Use ability | 222 | |
4836 total
» units
| Wisp | 49 | |
| Glaive Thrower | 15 | |
| Huntress | 1 | |
65 total
» upgrades
» buildings
| Moon Well | 11 | |
| Altar of Elders | 3 | |
| Tree of Life | 7 | |
| Hunter's Hall | 2 | |
| Tree of Ages | 2 | |
| Ancient of War | 3 | |
28 total
» build order
01:33 Moon Well
02:16 Altar of Elders
03:30 Moon Well
05:08 Altar of Elders
06:14 Moon Well
06:36 Tree of Life
08:02 Tree of Life
08:47 Moon Well
09:45 Moon Well
10:16 Hunter's Hall
10:39 Moon Well
12:35 Tree of Life
16:16 Tree of Life
17:02 Tree of Life
17:29 Tree of Life
19:30 Tree of Ages
30:13 Moon Well
30:15 Altar of Elders
31:26 Moon Well
34:18 Tree of Life
42:40 Tree of Ages
44:40 Hunter's Hall
45:09 Moon Well
45:13 Moon Well
46:13 Ancient of War
46:30 Ancient of War
46:34 Moon Well
47:00 Ancient of War
» items
| Scroll of Town Portal | 4 | |
| Scroll of Healing | 1 | |
| Periapt of Vitality | 1 | |
| Boots of Speed | 1 | |
| Scroll of Protection | 1 | |
| Orb of Corruption | 1 | |
| Orb of Lightning | 1 | |
| Potion of Healing | 5 | |
| Potion of Mana | 3 | |
| Lesser Clarity Potion | 3 | |
| Scroll of Speed | 1 | |
22 total
team 2 (winner)

»
Birdeneering (
yellow | 86 APM | 5794 actions | 67:31)
4 Death Knight
2 Death Coil
2 Unholy Aura
4 Lich
2 Frost Nova
2 Frost Armor
» actions
| Assign group hotkey | 758 | |
| Basic commands | 41 | |
| Build / train | 59 | |
| ESC pressed | 2 | |
| Enter build submenu | 40 | |
| Enter hero's abilities submenu | 10 | |
| Give item / drop item | 2 | |
| Remove unit from queue | 2 | |
| Right click | 3692 | |
| Select / deselect | 627 | |
| Select group hotkey | 421 | |
| Use ability | 140 | |
5794 total
» units
| Acolyte | 9 | |
| Ghoul | 3 | |
| Crypt Fiend | 8 | |
20 total
» upgrades
» buildings
| Crypt | 1 | |
| Altar of Darkness | 1 | |
| Ziggurat | 12 | |
| Nerubian Tower | 1 | |
| Graveyard | 1 | |
| Halls of the Dead | 1 | |
| Tomb of Relics | 1 | |
| Spirit Tower | 9 | |
| Black Citadel | 1 | |
| Necropolis | 5 | |
33 total
» build order
00:07 Crypt
00:10 Altar of Darkness
00:33 Ziggurat
01:30 Ziggurat
01:58 Nerubian Tower
02:52 Graveyard
03:12 Halls of the Dead
03:19 Tomb of Relics
03:35 Ziggurat
04:16 Spirit Tower
04:32 Ziggurat
04:33 Spirit Tower
05:27 Spirit Tower
05:27 Spirit Tower
06:10 Black Citadel
06:29 Ziggurat
07:40 Spirit Tower
10:19 Necropolis
13:02 Necropolis
14:58 Ziggurat
15:03 Necropolis
15:19 Ziggurat
15:22 Ziggurat
16:24 Spirit Tower
16:37 Spirit Tower
16:43 Necropolis
18:26 Ziggurat
18:26 Ziggurat
18:27 Ziggurat
18:28 Ziggurat
19:21 Necropolis
20:08 Spirit Tower
» items
| Rod of Necromancy | 1 | |
| Dust of Appearance | 1 | |
| Orb of Corruption | 1 | |
| Scroll of Town Portal | 1 | |
| Staff of Preservation | 1 | |
| Healing Salve | 1 | |
6 total
dogsandhorse.ru (
purple | 111 APM | 7525 actions | 67:32)
7 Archmage
3 Summon Water Elemental
3 Brilliance Aura
1 Mass Teleport
6 Mountain King
3 Storm Bolt
2 Bash
1 Avatar
» actions
| Assign group hotkey | 41 | |
| Basic commands | 17 | |
| Build / train | 305 | |
| Enter build submenu | 157 | |
| Enter hero's abilities submenu | 14 | |
| Give item / drop item | 3 | |
| Remove unit from queue | 1 | |
| Right click | 4310 | |
| Select / deselect | 1216 | |
| Select group hotkey | 922 | |
| Use ability | 537 | |
7525 total
» units
| Peasant | 56 | |
| Dragonhawk Rider | 27 | |
| Priest | 1 | |
| Spell Breaker | 3 | |
87 total
» upgrades
| Masonry | 3 | |
| Lumber Harvesting | 2 | |
| Magic Sentry | 1 | |
| Swords | 3 | |
| Animal War Training | 1 | |
| Priest Training | 1 | |
| Sorceress Training | 1 | |
| Armor | 3 | |
| Cloud | 1 | |
16 total
» buildings
| Altar of Kings | 1 | |
| Farm | 8 | |
| Scout Tower | 220 | |
| Lumber Mill | 2 | |
| Arcane Tower | 14 | |
| Guard Tower | 136 | |
| Keep | 1 | |
| Town Hall | 10 | |
| Gryphon Aviary | 2 | |
| Arcane Vault | 2 | |
| Arcane Sanctum | 1 | |
| Castle | 1 | |
| Blacksmith | 1 | |
| Barracks | 1 | |
400 total
» build order
00:10 Altar of Kings
00:16 Farm
01:25 Scout Tower
01:40 Lumber Mill
01:44 Farm
01:51 Scout Tower
01:58 Scout Tower
01:59 Scout Tower
02:31 Arcane Tower
02:45 Guard Tower
02:45 Guard Tower
02:46 Guard Tower
03:19 Guard Tower
03:20 Scout Tower
03:21 Scout Tower
03:21 Scout Tower
03:49 Guard Tower
03:49 Guard Tower
04:08 Keep
04:19 Guard Tower
04:22 Scout Tower
04:23 Scout Tower
04:37 Scout Tower
04:38 Scout Tower
04:39 Scout Tower
05:03 Guard Tower
05:06 Guard Tower
05:17 Scout Tower
05:17 Scout Tower
05:18 Scout Tower
05:23 Arcane Tower
05:37 Guard Tower
05:53 Guard Tower
06:01 Scout Tower
06:03 Scout Tower
06:35 Guard Tower
06:41 Farm
06:41 Farm
06:46 Town Hall
06:53 Scout Tower
06:54 Scout Tower
06:57 Scout Tower
07:21 Arcane Tower
07:23 Guard Tower
07:25 Scout Tower
07:49 Guard Tower
08:12 Scout Tower
08:13 Scout Tower
08:17 Guard Tower
08:20 Guard Tower
08:20 Guard Tower
08:20 Guard Tower
08:21 Guard Tower
08:25 Guard Tower
08:50 Guard Tower
08:52 Scout Tower
08:55 Scout Tower
08:58 Scout Tower
08:59 Scout Tower
09:03 Scout Tower
09:04 Scout Tower
09:04 Scout Tower
10:05 Gryphon Aviary
10:11 Arcane Vault
10:34 Scout Tower
10:36 Scout Tower
10:38 Scout Tower
10:40 Scout Tower
10:41 Scout Tower
10:42 Scout Tower
10:43 Scout Tower
10:45 Scout Tower
10:46 Scout Tower
11:56 Arcane Sanctum
12:02 Guard Tower
12:15 Arcane Tower
12:37 Guard Tower
13:07 Guard Tower
13:10 Gryphon Aviary
13:16 Farm
13:19 Scout Tower
13:19 Scout Tower
13:23 Farm
14:11 Castle
15:07 Scout Tower
15:08 Scout Tower
15:08 Scout Tower
15:10 Scout Tower
15:10 Scout Tower
15:45 Scout Tower
15:46 Scout Tower
15:47 Scout Tower
15:47 Scout Tower
15:48 Scout Tower
15:48 Scout Tower
15:53 Scout Tower
15:54 Scout Tower
15:55 Scout Tower
15:57 Scout Tower
15:57 Scout Tower
15:58 Scout Tower
16:10 Arcane Tower
16:10 Guard Tower
16:10 Guard Tower
16:11 Guard Tower
16:25 Arcane Tower
16:25 Guard Tower
16:25 Guard Tower
16:45 Guard Tower
16:46 Scout Tower
16:47 Scout Tower
16:48 Scout Tower
16:49 Scout Tower
16:50 Scout Tower
16:50 Scout Tower
16:52 Guard Tower
16:52 Guard Tower
16:53 Guard Tower
17:10 Farm
17:11 Farm
17:14 Scout Tower
17:15 Scout Tower
17:17 Scout Tower
17:19 Guard Tower
17:19 Guard Tower
17:19 Guard Tower
17:20 Guard Tower
17:24 Guard Tower
17:24 Guard Tower
17:33 Scout Tower
17:34 Scout Tower
17:35 Scout Tower
17:42 Guard Tower
17:42 Guard Tower
18:03 Guard Tower
18:03 Guard Tower
18:03 Guard Tower
18:11 Guard Tower
18:29 Guard Tower
18:33 Town Hall
18:34 Guard Tower
18:35 Guard Tower
18:35 Guard Tower
18:46 Scout Tower
18:47 Scout Tower
18:48 Scout Tower
18:59 Scout Tower
19:01 Scout Tower
19:01 Scout Tower
19:02 Scout Tower
19:03 Scout Tower
19:19 Guard Tower
19:27 Guard Tower
19:32 Guard Tower
19:50 Guard Tower
20:11 Scout Tower
20:12 Scout Tower
20:13 Guard Tower
20:13 Guard Tower
20:13 Guard Tower
20:14 Guard Tower
20:15 Guard Tower
20:17 Scout Tower
20:18 Scout Tower
20:21 Scout Tower
20:22 Scout Tower
20:53 Guard Tower
21:08 Guard Tower
21:08 Guard Tower
21:08 Guard Tower
21:35 Blacksmith
22:03 Guard Tower
22:11 Lumber Mill
22:14 Guard Tower
22:38 Barracks
22:39 Scout Tower
22:40 Scout Tower
22:40 Scout Tower
24:08 Scout Tower
24:10 Scout Tower
24:10 Scout Tower
24:11 Scout Tower
24:11 Scout Tower
24:12 Scout Tower
24:14 Scout Tower
24:15 Scout Tower
24:16 Scout Tower
24:16 Scout Tower
24:17 Scout Tower
24:17 Scout Tower
25:00 Arcane Tower
25:01 Guard Tower
25:05 Guard Tower
25:06 Guard Tower
25:06 Guard Tower
25:22 Guard Tower
25:22 Guard Tower
25:24 Scout Tower
25:25 Scout Tower
25:26 Scout Tower
25:26 Scout Tower
25:27 Scout Tower
25:34 Guard Tower
25:35 Guard Tower
26:12 Guard Tower
27:07 Town Hall
27:14 Scout Tower
27:14 Scout Tower
27:15 Scout Tower
27:15 Scout Tower
27:16 Scout Tower
27:16 Scout Tower
27:37 Guard Tower
27:42 Guard Tower
27:42 Guard Tower
27:58 Guard Tower
27:58 Guard Tower
27:59 Guard Tower
27:59 Guard Tower
28:14 Guard Tower
28:19 Guard Tower
29:27 Guard Tower
29:27 Guard Tower
30:12 Scout Tower
30:13 Scout Tower
30:13 Scout Tower
30:14 Scout Tower
30:14 Scout Tower
30:15 Scout Tower
30:16 Scout Tower
30:16 Scout Tower
30:17 Scout Tower
30:43 Guard Tower
31:08 Arcane Tower
31:11 Scout Tower
31:12 Guard Tower
31:14 Scout Tower
31:27 Guard Tower
31:30 Scout Tower
31:31 Scout Tower
31:33 Scout Tower
31:33 Scout Tower
31:35 Scout Tower
31:35 Scout Tower
31:36 Scout Tower
31:41 Guard Tower
31:42 Guard Tower
31:42 Guard Tower
34:44 Scout Tower
34:45 Scout Tower
34:46 Scout Tower
34:46 Scout Tower
34:46 Scout Tower
34:47 Scout Tower
34:48 Scout Tower
34:50 Scout Tower
34:51 Scout Tower
34:51 Scout Tower
34:52 Scout Tower
35:26 Arcane Tower
35:27 Guard Tower
35:31 Scout Tower
35:31 Scout Tower
35:32 Scout Tower
35:33 Scout Tower
35:33 Scout Tower
35:34 Scout Tower
36:08 Guard Tower
36:24 Guard Tower
36:29 Town Hall
36:32 Scout Tower
36:33 Scout Tower
36:34 Scout Tower
39:11 Town Hall
39:47 Guard Tower
42:25 Scout Tower
42:26 Scout Tower
42:39 Scout Tower
42:39 Scout Tower
42:40 Scout Tower
42:41 Scout Tower
42:46 Scout Tower
42:47 Scout Tower
42:48 Scout Tower
42:48 Scout Tower
45:28 Arcane Tower
45:29 Guard Tower
46:17 Scout Tower
46:18 Scout Tower
46:19 Scout Tower
46:20 Scout Tower
46:20 Scout Tower
46:21 Scout Tower
46:32 Scout Tower
46:33 Scout Tower
46:36 Scout Tower
46:37 Scout Tower
46:38 Scout Tower
46:52 Guard Tower
46:52 Guard Tower
46:55 Scout Tower
46:56 Scout Tower
46:57 Scout Tower
46:57 Scout Tower
47:42 Guard Tower
47:44 Guard Tower
48:35 Guard Tower
48:58 Scout Tower
48:59 Scout Tower
49:00 Scout Tower
49:00 Scout Tower
50:15 Arcane Tower
50:18 Guard Tower
50:31 Town Hall
52:17 Scout Tower
52:21 Scout Tower
52:21 Scout Tower
52:51 Guard Tower
53:21 Guard Tower
54:26 Arcane Vault
56:32 Scout Tower
56:33 Scout Tower
56:34 Scout Tower
56:58 Town Hall
57:01 Guard Tower
57:31 Guard Tower
57:32 Scout Tower
57:33 Scout Tower
57:34 Scout Tower
57:34 Scout Tower
57:35 Scout Tower
57:36 Scout Tower
57:42 Town Hall
58:02 Guard Tower
58:03 Guard Tower
58:57 Town Hall
58:59 Guard Tower
59:02 Town Hall
59:23 Arcane Tower
59:25 Scout Tower
59:26 Scout Tower
60:06 Guard Tower
60:10 Scout Tower
60:29 Scout Tower
60:30 Guard Tower
60:30 Guard Tower
61:00 Guard Tower
61:02 Scout Tower
61:03 Scout Tower
61:04 Scout Tower
61:04 Scout Tower
61:41 Guard Tower
62:35 Scout Tower
62:36 Scout Tower
62:36 Scout Tower
62:36 Scout Tower
62:37 Scout Tower
62:37 Scout Tower
62:38 Scout Tower
62:39 Scout Tower
62:39 Scout Tower
62:40 Scout Tower
62:41 Scout Tower
62:41 Scout Tower
62:56 Guard Tower
63:28 Arcane Tower
63:28 Guard Tower
63:28 Guard Tower
63:36 Guard Tower
65:07 Scout Tower
65:08 Scout Tower
65:09 Scout Tower
65:10 Scout Tower
65:42 Arcane Tower
65:43 Guard Tower
65:43 Guard Tower
65:47 Scout Tower
65:47 Guard Tower
65:47 Guard Tower
65:48 Scout Tower
65:49 Scout Tower
66:49 Guard Tower
66:51 Scout Tower
66:51 Scout Tower
66:53 Scout Tower
67:24 Guard Tower
» items
| Healing Salve | 1 | |
| Lesser Clarity Potion | 5 | |
| Orb of Lightning | 1 | |
| Staff of Sanctuary | 2 | |
| Scroll of Town Portal | 2 | |
| Boots of Speed | 2 | |
| Scroll of Regeneration | 2 | |
| Staff of Teleportation | 2 | |
17 total
NUTSONYOCHIN.de (
blue | 110 APM | 7454 actions | 67:31)
10 Warden
3 Shadow Strike
3 Blink
1 Spirit of Vengeance
3 Fan of Knives
» actions
| Assign group hotkey | 14 | |
| Basic commands | 58 | |
| Build / train | 107 | |
| ESC pressed | 24 | |
| Enter build submenu | 34 | |
| Enter hero's abilities submenu | 10 | |
| Give item / drop item | 3 | |
| Right click | 4898 | |
| Select / deselect | 342 | |
| Select group hotkey | 1507 | |
| Use ability | 455 | |
7454 total
» units
» upgrades
| Ultravision | 1 | |
| Strength of the Wild | 3 | |
| Well Spring | 1 | |
| Nature's Blessing | 1 | |
| Corrosive Breath | 1 | |
| Reinforced Hides | 3 | |
10 total
» buildings
| Altar of Elders | 1 | |
| Moon Well | 7 | |
| Hunter's Hall | 1 | |
| Tree of Ages | 1 | |
| Ancient of Wonders | 1 | |
| Tree of Life | 15 | |
| Tree of Eternity | 3 | |
| Ancient of Wind | 1 | |
| Chimaera Roost | 2 | |
32 total
» build order
00:10 Altar of Elders
00:16 Moon Well
02:16 Moon Well
03:33 Hunter's Hall
05:03 Tree of Ages
05:36 Ancient of Wonders
05:44 Moon Well
05:47 Moon Well
05:54 Tree of Life
06:15 Moon Well
07:24 Tree of Eternity
07:24 Tree of Eternity
07:25 Tree of Eternity
07:49 Ancient of Wind
09:50 Chimaera Roost
09:51 Chimaera Roost
10:34 Tree of Life
11:43 Moon Well
14:00 Moon Well
14:27 Tree of Life
19:41 Tree of Life
23:16 Tree of Life
29:17 Tree of Life
29:24 Tree of Life
31:30 Tree of Life
38:38 Tree of Life
41:26 Tree of Life
41:56 Tree of Life
46:37 Tree of Life
56:43 Tree of Life
59:15 Tree of Life
64:41 Tree of Life
» items
| Boots of Speed | 1 | |
| Staff of Teleportation | 2 | |
| Orb of Venom | 1 | |
| Moonstone | 1 | |
| Scroll of Town Portal | 8 | |
| Scroll of Healing | 1 | |
14 total
nutsurlechin.fr (
red | 92 APM | 6203 actions | 67:31)
10 Blademaster
3 Wind Walk
3 Critical Strike
1 Bladestorm
3 Mirror Image
» actions
| Assign group hotkey | 848 | |
| Basic commands | 38 | |
| Build / train | 78 | |
| ESC pressed | 35 | |
| Enter build submenu | 78 | |
| Enter hero's abilities submenu | 10 | |
| Remove unit from queue | 1 | |
| Right click | 3346 | |
| Select / deselect | 554 | |
| Select group hotkey | 823 | |
| Use ability | 392 | |
6203 total
» units
» upgrades
| Spiked Barricades | 1 | |
| Reinforced Defenses | 1 | |
| Liquid Fire | 1 | |
3 total
» buildings
| Altar of Storms | 1 | |
| Orc Burrow | 6 | |
| War Mill | 1 | |
| Watch Tower | 54 | |
| Stronghold | 1 | |
| Voodoo Lounge | 3 | |
| Fortress | 2 | |
| Beastiary | 2 | |
| Great Hall | 5 | |
75 total
» build order
00:01 Altar of Storms
00:03 Orc Burrow
00:56 War Mill
01:27 Orc Burrow
02:10 Watch Tower
02:12 Watch Tower
02:34 Watch Tower
02:35 Watch Tower
03:26 Watch Tower
03:28 Watch Tower
04:08 Stronghold
04:10 Watch Tower
04:12 Watch Tower
04:13 Watch Tower
04:15 Watch Tower
04:27 Voodoo Lounge
04:31 Watch Tower
04:32 Watch Tower
04:59 Watch Tower
05:00 Watch Tower
05:18 Watch Tower
05:19 Watch Tower
05:37 Voodoo Lounge
05:40 Watch Tower
05:46 Voodoo Lounge
05:50 Watch Tower
06:11 Watch Tower
06:27 Watch Tower
06:33 Watch Tower
06:44 Watch Tower
06:47 Fortress
06:47 Fortress
07:23 Watch Tower
07:45 Watch Tower
07:45 Watch Tower
07:46 Watch Tower
08:04 Watch Tower
08:17 Beastiary
08:34 Watch Tower
08:50 Watch Tower
08:52 Watch Tower
08:56 Watch Tower
10:01 Watch Tower
10:01 Watch Tower
10:30 Watch Tower
10:56 Orc Burrow
12:13 Orc Burrow
13:05 Great Hall
13:12 Watch Tower
13:13 Watch Tower
13:14 Watch Tower
13:15 Watch Tower
13:17 Watch Tower
13:20 Watch Tower
13:21 Watch Tower
13:22 Watch Tower
16:07 Beastiary
16:46 Watch Tower
16:47 Watch Tower
17:03 Watch Tower
18:33 Orc Burrow
18:38 Orc Burrow
19:32 Great Hall
19:46 Watch Tower
19:46 Watch Tower
19:47 Watch Tower
19:48 Watch Tower
19:51 Watch Tower
22:09 Watch Tower
24:13 Great Hall
25:04 Watch Tower
25:05 Watch Tower
25:08 Watch Tower
28:15 Great Hall
42:01 Great Hall
» items
| Healing Salve | 3 | |
| Lesser Clarity Potion | 3 | |
| Boots of Speed | 2 | |
| Orb of Lightning | 4 | |
| Potion of Healing | 2 | |
| Scroll of Town Portal | 2 | |
| Moonstone | 1 | |
| Staff of Teleportation | 1 | |
18 total
Chat log
(21:37 / All) XyMuK: nice mg
(21:38 / All) XyMuK: Mh
(21:43 / All) dogsandhorse.ru: thanks he is level 2
(54:40 / Allies) NUTSONYOCHIN.de: 200
(54:40 / Allies) NUTSONYOCHIN.de: g
(57:44 / All) Bull-Dozer: what a fucka u doing?
(57:49 / All) Bull-Dozer: why u fuck my brain?
(57:55 / All) Bull-Dozer: only towers mass noobs
(57:58 / All) Bull-Dozer: btw
(57:59 / All) dogsandhorse.ru: ok
(58:01 / All) Bull-Dozer: unmanners
(58:08 / All) Bull-Dozer: u lost my time
(58:11 / All) Bull-Dozer: gaylords
(67:22 / All) dogsandhorse.ru: HOHO
(67:26 / All) nutsurlechin.fr: HOHO BITCH
(67:28 / All) Birdeneering: stop a time waste